 Dungeon Crawl Stone Soup version 0.29.1-15-g9cfb28693d (webtiles) character file.

Game seed: 83192072359410975

211 croobank the Sneak (level 5, -6/36 (37) HPs)
             Began as an Octopode Delver on Mar 5, 2023.
             Mangled by Crazy Yiuf
             ... wielding a +3 quarterstaff of chaos
              (12 damage)
             ... on level 2 of the Dungeon.
             The game lasted 00:06:08 (2682 turns).

croobank the Sneak (Octopode Delver)                Turns: 2682, Time: 00:06:09

HP:   -6/36 (37)    AC:  1    Str: 11    XL:     5   Next: 88%
MP:   5/5           EV: 14    Int: 14    God:
Gold: 200           SH:  0    Dex: 14    Spells: 4/4 levels left

rFire   . . .      SeeInvis .   a - +0 hand axe
rCold   . . .      Faith    .   (no shield)
rNeg    . . .      Spirit   .   (helmet restricted)
rPois   .          Reflect  .   (no amulet)
rElec   .          Harm     .   d - ring of wizardry
rCorr   .          Rampage  .   A - ring of flight
Will    .....                   (no ring)
Stlth   +++++.....              (no ring)
HPRegen 0.12/turn               (no ring)
MPRegen 0.09/turn               (no ring)
                                (no ring)
                                (no ring)

@: lethally poisoned (-6 -> -8), flying, lightly drained
A: almost no armour, amphibious, 8 rings, camouflage 1, gelatinous body 1,
(nimble swimmer 1), tentacles
a: no special abilities


You were on level 2 of the Dungeon.
You visited 1 branch of the dungeon, and saw 6 of its levels.

You collected 200 gold pieces.

Inventory:

Hand Weapons
 a - a +0 hand axe (weapon)
 h - a +0 long sword
 j - a +0 war axe
 l - a +0 dagger
 q - a +0 sling
Missiles
 s - 8 poisoned darts
 w - 6 atropa-tipped darts
Magical Staves
 y - a staff of poison
Jewellery
 d - a ring of wizardry (left tentacle)
 k - a +6 ring of strength
 A - a ring of flight (right tentacle)
 B - an amulet of reflection
Wands
 f - a wand of digging (3)
Scrolls
 b - a scroll of fog
 n - a scroll of amnesia {unknown}
 o - a scroll of immolation {unknown}
 p - 2 scrolls of silence {unknown}
 x - a scroll of blinking {unknown}
 z - 4 scrolls of identify {unknown}
 C - a scroll of torment {unknown}
Potions
 g - 3 potions of mutation {unknown}
 m - a potion of invisibility {unknown}
 r - 2 potions of lignification {unknown}
 t - 3 potions of might {unknown}
 u - 2 potions of heal wounds
 v - 2 potions of brilliance {unknown}


   Skills:
 + Level 4.1 Fighting
 + Level 3.3 Axes
 + Level 3.3 Dodging
 + Level 7.7 Stealth


You had 4 spell levels left.
You didn't know any spells.
Your spell library contained the following spells:

 Spells                   Type           Power      Damage    Failure   Level
 Ensorcelled Hibernation  Hex/Ice        0%         N/A       17%         2
 Passwall                 Tmut/Erth      0%         N/A       17%         2
 Swiftness                Air            0%         N/A       32%         3


Dungeon Overview and Level Annotations

Branches:
Dungeon (6/15)
 Temple: D:4-7

Altars:

Annotations:
D:2 Crazy Yiuf


Innate Abilities, Weirdness & Mutations

You cannot wear most types of armour.
You are amphibious.
You can wear up to eight rings at the same time.
Your skin changes colour to match your surroundings (Stealth+).
Your rubbery body absorbs attacks. (AC +1, EV +1)
((You are camouflaged when in or above water. (Stealth+)))
You have tentacles for arms and can constrict up to eight enemies at once.


Message History

You constrict Crazy Yiuf. Your bat hits Crazy Yiuf. Your bat hits the fungus.
Crazy Yiuf hits you with a +3 quarterstaff of chaos!
You are poisoned.
Your bat hits the fungus.
The fungus begins to die.
You hit Crazy Yiuf but do no damage.
Crazy Yiuf is moderately wounded.
You hit the bush but do no damage. You hit the fungus.
You constrict Crazy Yiuf.
You feel very sick.
A nearby fungus withers and dies.
Your bat hits Crazy Yiuf but does no damage.
Crazy Yiuf hits you with a +3 quarterstaff of chaos!
You feel drained.
* * * LOW HITPOINT WARNING * * *
Your bat hits Crazy Yiuf but does no damage.
You hit Crazy Yiuf.
Crazy Yiuf is moderately wounded.
You hit the bush but do no damage.
You constrict Crazy Yiuf, but do no damage.
You feel sick.
Your bat hits Crazy Yiuf but does no damage.
Crazy Yiuf closely misses you. Crazy Yiuf misses you.
You hit Crazy Yiuf.
You tentacle-slap Crazy Yiuf, but do no damage.
Crazy Yiuf is heavily wounded.
You completely miss the bush. You constrict Crazy Yiuf.
You feel sick.
Your bat hits Crazy Yiuf but does no damage.
Crazy Yiuf drinks a potion.
Crazy Yiuf is healed!
You hit Crazy Yiuf.
Crazy Yiuf is lightly wounded.
You hit the bush but do no damage.
You constrict Crazy Yiuf, but do no damage.
You feel sick.
A nearby fungus withers and dies.
Your bat hits Crazy Yiuf. Crazy Yiuf misses you.
You hit Crazy Yiuf but do no damage.
Crazy Yiuf is lightly wounded.
You hit the bush. You constrict Crazy Yiuf.
You feel sick.
Your bat hits Crazy Yiuf but does no damage.
Crazy Yiuf hits you with a +3 quarterstaff of chaos!
You die...

.........................##
#........#..#.########...#
#........#..#.# #...#
#...########### #...# #...#
#...# #...# ###...## #[..#
### ♣♣##......# #...#
#)..#♣♣ ♣♣....#.#.## #####
#...'g♣♣♣♣@......#.#
#...#♣b.♣gPb...#.#.# #####
### ♣♣♣.♣....##.#.# ....#
♣♣♣♣♣##...#.# ##### #####.#
########################.##
..........................#
###########.#.##########.##
#.#.# #.#


You could see Crazy Yiuf (ally target) and a friendly bat (summoned).

Vanquished Creatures
  A phantom (D:4)
  A howler monkey (D:4)
  A gnoll (D:3)
  3 adders (D:2)
  2 worms
  2 orcs
  3 ball pythons
  7 bats
  3 endoplasms
  5 giant cockroaches
  8 goblins
  2 hobgoblins (D:2)
  3 jackals
  2 quokkas
  6 kobolds
  4 rats
53 creatures vanquished.

Vanquished Creatures (others)
  2 fungi (D:2)
  4 plants (D:4)
6 creatures vanquished.

Grand Total: 59 creatures vanquished

Notes
Turn   | Place    | Note
-------+----------+-------------------------------------------
     0 | D:5      | croobank the Octopode Delver began the quest for the Orb.
     0 | D:5      | Reached XP level 1. HP: 16/16 MP: 1/1
    45 | D:6      | Noticed an iguana
    46 | D:6      | Noticed an ogre
    56 | D:6      | Noticed a wight
    95 | D:5      | Noticed a black bear
   102 | D:5      | Noticed an ogre
   204 | D:5      | Noticed a jelly
   322 | D:4      | Noticed a howler monkey
   335 | D:4      | Killed a howler monkey
   336 | D:4      | Reached skill level 7 in Stealth
   336 | D:4      | Reached XP level 2. HP: 20/21 MP: 2/2
   336 | D:4      | Reached XP level 3. HP: 25/26 MP: 3/3
   364 | D:4      | Noticed a phantom
   381 | D:4      | Killed a phantom
   382 | D:4      | Reached XP level 4. HP: 6/33 MP: 4/4
   382 | D:4      | Reached XP level 5. HP: 7/37 MP: 5/5
   911 | D:2      | Found a faded altar of an unknown god.
  1792 | D:2      | Found a runed translucent door.
  1793 | D:2      | Noticed Crazy Yiuf
  2682 | D:2      | Mangled by Crazy Yiuf

Illustrated notes

Levels and vault maps discovered:
D:1:      mainiacjoe_arrival_reflecting_pool, layout_rooms
D:2:      wad_river_or_something, layout_basic,
          shapermc_ecumenical_altar_mp_highgroup, chequers_jeans,
          uniq_crazy_yiuf_cottage
D:3:      layout_loops_ring
D:4:      layout_gridville, minmay_temple_entry_gardened_gates,
          dreamdust_wishing_well
D:5:      layout_basic
D:6:      layout_rooms, gammafunk_temple_overflow_elements

Skill      XL: |  1  2  3  4  5 |
---------------+----------------+-----
Stealth        | 7 |  7.7
Axes           | 3 |  3.3
Dodging        | 3 |  3.3
Fighting       | 4 |  4.1

Action                   |  1- 3 |  4- 6 || total
-------------------------+-------+-------++-------
Melee: Hand axe          |    23 |    63 ||    86
       Constrict         |     2 |    18 ||    20
       Tentacles         |     3 |    13 ||    16
       Punch             |       |     1 ||     1
 Fire: Sling             |       |    58 ||    58
  Use: Scroll            |     2 |     2 ||     4
       Potion            |     1 |     1 ||     2
 Stab: Sleeping          |     1 |    13 ||    14
Armor: Skin              |       |     3 ||     3
Dodge: Dodged            |    11 |    62 ||    73
